TOP OF THE 1ST |
Maryland Terrapins batting - Pitching for Utah Utes : RHP Timothy Díaz
|
Pitching: RHP Timothy Díaz
|
|
Batting: LHB Edmund Stone
|
0-0: Ball 1-0: Ball 2-0: Fly out, F9 (Flyball, 89M)
|
Batting: RHB Bill Marsh
|
0-0: Swinging Strike 0-1: Swinging Strike 0-2: Ball 1-2: Ball 2-2: Foul Ball, location: 2F 2-2: Foul Ball, location: 2F 2-2: Strikes out looking
|
Batting: LHB Gary Powers
|
0-0: Ball 1-0: Fly out, F9 (Line Drive, 9)
|
Top of the 1st over - 0 run(s), 0 hit(s), 0 error(s), 0 left on base; Maryland 0 - Utah 0 |
BOTTOM OF THE 1ST |
Utah Utes batting - Pitching for Maryland Terrapins : RHP Jim Robinson
|
Pitching: RHP Jim Robinson
|
|
Batting: RHB Steve Welch
|
0-0: Ball 1-0: Ground out 6-3 (Groundball, 6)
|
Batting: RHB José Ayala
|
0-0: Ball 1-0: Ground out 6-3 (Groundball, 6)
|
Batting: SHB John May
|
0-0: Foul Ball, location: 2F 0-1: Ball 1-1: Ball 2-1: Ball 3-1: Called Strike 3-2: Fly out, F3 (Line Drive, 3F)
|
Bottom of the 1st over - 0 run(s), 0 hit(s), 0 error(s), 0 left on base; Maryland 0 - Utah 0 |
TOP OF THE 2ND |
Maryland Terrapins batting - Pitching for Utah Utes : RHP Timothy Díaz
|
Batting: RHB Randall James
|
0-0: Ball 1-0: Fly out, F7 (Flyball, 78D)
|
Batting: LHB Don MacNeill
|
0-0: Ball 1-0: Ball 2-0: Ball 3-0: Base on Balls
|
Batting: RHB Bill Cooper
|
0-0: Ball 1-0: Foul Ball, location: 2F 1-1: Ball 2-1: Ball 3-1: Base on Balls Don MacNeill to second
|
Batting: RHB Juan Arroyo
|
0-0: Ball 1-0: Called Strike 1-1: Foul Ball, location: 2F 1-2: Ball 2-2: Ball 3-2: Foul Ball, location: 2F 3-2: Base on Balls Don MacNeill to third Bill Cooper to second
|
Batting: LHB Josh Peterson
|
0-0: Ball 1-0: Ball 2-0: Ball 3-0: Called Strike 3-1: Called Strike 3-2: Fly out, F9 (Flyball, 9S)
|
Batting: LHB James Navarro
|
0-0: Ball 1-0: SINGLE (Groundball, 4MD) Don MacNeill scores Bill Cooper to third Juan Arroyo to second Runner from 3rd tries for Home, SAFE, throw made home
|
Batting: LHB Edmund Stone
|
0-0: Foul Ball, location: 2F 0-1: Ball 1-1: Ball 2-1: Called Strike 2-2: Strikes out swinging
|
Top of the 2nd over - 2 run(s), 1 hit(s), 0 error(s), 2 left on base; Maryland 2 - Utah 0 |
BOTTOM OF THE 2ND |
Utah Utes batting - Pitching for Maryland Terrapins : RHP Jim Robinson
|
Batting: RHB Randy Banks
|
0-0: Ball 1-0: Called Strike 1-1: Foul Ball, location: 2F 1-2: Strikes out swinging, 2-3 out at first.
|
Batting: LHB Robby Bland
|
0-0: Swinging Strike 0-1: SINGLE (Groundball, 34D)
|
Batting: RHB Kevin Hernández
|
0-0: Ball 1-0: Foul Ball, location: 2F 1-1: DOUBLE (Line Drive, 89D) Robby Bland to third
|
Batting: RHB David Banks
|
0-0: 3-RUN HOME RUN (Flyball, 7D), Distance : 400 ft
|
Batting: SHB Carlos Mesa
|
0-0: Called Strike 0-1: Ground out 6-3 (Groundball, 6)
|
Batting: SHB Jeff Mann
|
0-0: Ground out 6-3 (Groundball, 6)
|
Bottom of the 2nd over - 3 run(s), 3 hit(s), 0 error(s), 0 left on base; Maryland 2 - Utah 3 |
TOP OF THE 3RD |
Maryland Terrapins batting - Pitching for Utah Utes : RHP Timothy Díaz
|
Batting: RHB Bill Marsh
|
0-0: Ball 1-0: Called Strike 1-1: Fly out, F9 (Flyball, 89M)
|
Batting: LHB Gary Powers
|
0-0: Ball 1-0: Called Strike 1-1: Foul Ball, location: 2F 1-2: Ball 2-2: Foul Ball, location: 2F 2-2: Ground out U3 (Groundball, 3)
|
Batting: RHB Randall James
|
0-0: Called Strike 0-1: Swinging Strike 0-2: Ball 1-2: Ball 2-2: Ball 3-2: Base on Balls
|
Batting: LHB Don MacNeill
|
0-0: Ball 1-0: Called Strike 1-1: Foul Ball, location: 2F 1-2: Fielders Choice at 2nd, 6-4 (Groundball, 6)
|
Top of the 3rd over - 0 run(s), 0 hit(s), 0 error(s), 0 left on base; Maryland 2 - Utah 3 |
BOTTOM OF THE 3RD |
Utah Utes batting - Pitching for Maryland Terrapins : RHP Jim Robinson
|
Batting: RHB Steve Welch
|
0-0: Foul Ball, location: 2F 0-1: Foul Ball, location: 2F 0-2: SINGLE (Flyball, 8LS) - OUT at second base trying to stretch hit.
|
Batting: RHB José Ayala
|
0-0: Ball 1-0: SINGLE (Groundball, 6D)
|
Batting: SHB John May
|
0-0: Foul Ball, location: 2F 0-1: Fly out, F7 (Flyball, 78S)
|
Batting: RHB Randy Banks
|
0-0: Foul Ball, location: 2F 0-1: Swinging Strike 0-2: Fly out, F7 (Flyball, 7)
|
Bottom of the 3rd over - 0 run(s), 2 hit(s), 0 error(s), 1 left on base; Maryland 2 - Utah 3 |
TOP OF THE 4TH |
Maryland Terrapins batting - Pitching for Utah Utes : RHP Timothy Díaz
|
Batting: RHB Bill Cooper
|
0-0: Ball 1-0: Ball 2-0: Ball 3-0: Called Strike 3-1: Foul Ball, location: 2F 3-2: Base on Balls
|
Batting: RHB Juan Arroyo
|
0-0: Fly out, F4 (Popup, 34D)
|
Batting: LHB Josh Peterson
|
0-0: Called Strike 0-1: Ball 1-1: Foul Ball, location: 2F 1-2: SINGLE (Groundball, 6D) Bill Cooper to second
|
Batting: LHB James Navarro
|
0-0: Ball 1-0: Foul Ball, location: 2F 1-1: Called Strike 1-2: Strikes out swinging
|
Batting: LHB Edmund Stone
|
0-0: Ball 1-0: Ground out U3 (Groundball, 34)
|
Top of the 4th over - 0 run(s), 1 hit(s), 0 error(s), 2 left on base; Maryland 2 - Utah 3 |
BOTTOM OF THE 4TH |
Utah Utes batting - Pitching for Maryland Terrapins : RHP Jim Robinson
|
Batting: LHB Robby Bland
|
0-0: Called Strike 0-1: Ball 1-1: Foul Ball, location: 2F 1-2: Strikes out swinging
|
Batting: RHB Kevin Hernández
|
0-0: Ground out 6-3 (Groundball, 6)
|
Batting: RHB David Banks
|
0-0: Ball 1-0: Ball 2-0: Called Strike 2-1: Ball 3-1: Base on Balls
|
Batting: SHB Carlos Mesa
|
0-0: SINGLE (Line Drive, 6MD) David Banks to second
|
Batting: SHB Jeff Mann
|
0-0: Ball 1-0: SINGLE (Line Drive, 3D) David Banks to third Carlos Mesa to second
|
Batting: RHB Steve Welch
|
0-0: Foul Ball, location: 2F 0-1: Fly out, F6 (Popup, 6D)
|
Bottom of the 4th over - 0 run(s), 2 hit(s), 0 error(s), 3 left on base; Maryland 2 - Utah 3 |
TOP OF THE 5TH |
Maryland Terrapins batting - Pitching for Utah Utes : RHP Timothy Díaz
|
Batting: RHB Bill Marsh
|
0-0: Ball 1-0: Foul Ball, location: 2F 1-1: Ball 2-1: Fly out, F7 (Flyball, 78M)
|
Pitching: RHP Albert Cole
|
|
Batting: LHB Gary Powers
|
0-0: Ball 1-0: Called Strike 1-1: Ball 2-1: Foul Ball, location: 2F 2-2: Ball 3-2: Strikes out swinging
|
Batting: RHB Randall James
|
0-0: Called Strike 0-1: SINGLE (Line Drive, 4D)
|
Batting: LHB Don MacNeill
|
0-0: Ball 1-0: Ball Randall James is caught stealing 2nd base
|
Top of the 5th over - 0 run(s), 1 hit(s), 0 error(s), 0 left on base; Maryland 2 - Utah 3 |
BOTTOM OF THE 5TH |
Utah Utes batting - Pitching for Maryland Terrapins : RHP Jim Robinson
|
Batting: RHB José Ayala
|
0-0: Ball 1-0: Ball 2-0: Ball 3-0: Base on Balls
|
Batting: SHB John May
|
0-0: Called Strike 0-1: Foul Ball, location: 2F 0-2: Fly out, F6 (Line Drive, 6M)
|
Batting: RHB Randy Banks
|
0-0: SINGLE (Groundball, 6D) José Ayala to second
|
Batting: LHB Robby Bland
|
0-0: Ball 1-0: DOUBLE (Flyball, 7LM) José Ayala scores Randy Banks to third
|
Batting: RHB Kevin Hernández
|
0-0: Intentional Walk
|
Pitching: RHP Gary Woods
|
|
Batting: RHB David Banks
|
0-0: Ball 1-0: Called Strike 1-1: Called Strike 1-2: Ball 2-2: GRAND SLAM HOME RUN (Flyball, 7LD), Distance : 360 ft
|
Batting: SHB Carlos Mesa
|
0-0: Ball 1-0: Ball 2-0: Ball 3-0: Called Strike 3-1: Base on Balls
|
Batting: SHB Jeff Mann
|
0-0: Called Strike 0-1: Foul Ball, location: 2F 0-2: Ball 1-2: Foul Ball, location: 2F 1-2: Foul Ball, location: 2F 1-2: Fielders Choice at 2nd, 3-6 (Groundball, 3)
|
Batting: RHB Steve Welch
|
0-0: Ball 1-0: Ball 2-0: Called Strike 2-1: Foul Ball, location: 2F 2-2: Strikes out swinging
|
Bottom of the 5th over - 5 run(s), 3 hit(s), 0 error(s), 1 left on base; Maryland 2 - Utah 8 |
TOP OF THE 6TH |
Maryland Terrapins batting - Pitching for Utah Utes : RHP Albert Cole
|
Batting: LHB Don MacNeill
|
0-0: Called Strike 0-1: Ball 1-1: Ball 2-1: Called Strike 2-2: Ball 3-2: Base on Balls
|
Batting: RHB Bill Cooper
|
0-0: Ball 1-0: Fly out, F5 (Popup, 5L)
|
Batting: RHB Juan Arroyo
|
0-0: Foul Ball, location: 2F 0-1: Foul Ball, location: 2F 0-2: Foul Ball, location: 2F 0-2: Strikes out swinging
|
Batting: LHB Josh Peterson
|
0-0: Ball Throwing error on steal attempt, E2 Don MacNeill to third 1-0: Ball 2-0: Ball 3-0: Base on Balls
|
Batting: LHB James Navarro
|
0-0: Ball 1-0: DOUBLE (Flyball, 78D) Don MacNeill scores Josh Peterson to third Runner from 3rd tries for Home, SAFE, no throw
|
Pitching: RHP Adam Frazier
|
|
Batting: LHB Edmund Stone
|
0-0: Ball 1-0: Called Strike 1-1: Ball 2-1: Ground out U3 (Groundball, 3)
|
Top of the 6th over - 2 run(s), 1 hit(s), 1 error(s), 1 left on base; Maryland 4 - Utah 8 |
BOTTOM OF THE 6TH |
Utah Utes batting - Pitching for Maryland Terrapins : RHP Gary Woods
|
Batting: RHB José Ayala
|
0-0: Foul Ball, location: 2F 0-1: Foul Ball, location: 2F 0-2: SINGLE (Line Drive, 7S)
|
Batting: SHB John May
|
0-0: Ball 1-0: Ball 2-0: Called Strike 2-1: Ball 3-1: Base on Balls José Ayala to second
|
Batting: RHB Randy Banks
|
0-0: Called Strike 0-1: Ball 1-1: Foul Ball, location: 2F 1-2: SINGLE (Line Drive, 8LM) José Ayala to third John May to second
|
Batting: LHB Robby Bland
|
0-0: Called Strike 0-1: Ground out U3 (Groundball, 3S) José Ayala scores John May to third Randy Banks to second
|
Batting: RHB Kevin Hernández
|
0-0: Intentional Walk
|
Pitching: RHP Marty Ford
|
|
Batting: RHB David Banks
|
0-0: Called Strike 0-1: Fly out, F9 (Flyball, 89M) Runner from 3rd tags up, SCORES, throw made
|
Batting: SHB Carlos Mesa
|
0-0: Swinging Strike 0-1: Called Strike 0-2: Hit by Pitch Randy Banks to third Kevin Hernández to second
|
Batting: SHB Jeff Mann
|
0-0: Ball Wild Pitch! Randy Banks scores Kevin Hernández to third Carlos Mesa to second 1-0: 3-RUN HOME RUN (Flyball, 9LD), Distance : 372 ft
|
Batting: RHB Steve Welch
|
0-0: Ball 1-0: Called Strike 1-1: Ball 2-1: Ball 3-1: Base on Balls
|
Batting: RHB José Ayala
|
Pickoff Throw to First - Out!
|
Bottom of the 6th over - 6 run(s), 3 hit(s), 0 error(s), 0 left on base; Maryland 4 - Utah 14 |
TOP OF THE 7TH |
Maryland Terrapins batting - Pitching for Utah Utes : RHP Adam Frazier
|
Batting: RHB Bill Marsh
|
0-0: Ball 1-0: Ball 2-0: SOLO HOME RUN (Flyball, 7D), Distance : 391 ft
|
Batting: LHB Gary Powers
|
0-0: Ball 1-0: Ball 2-0: Swinging Strike 2-1: Swinging Strike 2-2: Foul Ball, location: 2F 2-2: Strikes out looking
|
Batting: RHB Randall James
|
0-0: Fly out, F4 (Popup, 34)
|
Batting: LHB Don MacNeill
|
0-0: Ball 1-0: Ball 2-0: Fly out, F4 (Popup, 4D)
|
Top of the 7th over - 1 run(s), 1 hit(s), 0 error(s), 0 left on base; Maryland 5 - Utah 14 |
BOTTOM OF THE 7TH |
Utah Utes batting - Pitching for Maryland Terrapins : RHP Marty Ford
|
Batting: RHB José Ayala
|
0-0: Ball 1-0: Ball 2-0: Fly out, F7 (Line Drive, 7D)
|
Batting: SHB John May
|
0-0: Ball 1-0: Foul Ball, location: 2F 1-1: Ball 2-1: Swinging Strike 2-2: Ball 3-2: Base on Balls
|
Batting: RHB Randy Banks
|
0-0: Ball 1-0: Grounds into double play, 6-4-3 (Groundball, 6)
|
Bottom of the 7th over - 0 run(s), 0 hit(s), 0 error(s), 0 left on base; Maryland 5 - Utah 14 |
TOP OF THE 8TH |
Maryland Terrapins batting - Pitching for Utah Utes : RHP Adam Frazier
|
Batting: RHB Bill Cooper
|
0-0: Ball 1-0: Called Strike 1-1: Ball 2-1: Ball 3-1: Base on Balls
|
Batting: RHB Juan Arroyo
|
0-0: Called Strike 0-1: Ball 1-1: Foul Ball, location: 2F 1-2: Foul Ball, location: 2F 1-2: Strikes out looking
|
Batting: LHB Josh Peterson
|
0-0: Foul Ball, location: 2F 0-1: Ball 1-1: Foul Ball, location: 2F 1-2: Foul Ball, location: 2F 1-2: Ball 2-2: Foul Ball, location: 2F 2-2: Ball 3-2: Base on Balls Bill Cooper to second
|
Batting: LHB James Navarro
|
0-0: Ball 1-0: Ball 2-0: SINGLE (Groundball, 34S) (infield hit) Bill Cooper to third Josh Peterson to second
|
Batting: LHB Edmund Stone
|
0-0: Ball 1-0: Foul Ball, location: 2F 1-1: Ball 2-1: Ball 3-1: Base on Balls Bill Cooper scores Josh Peterson to third James Navarro to second
|
Batting: RHB Bill Marsh
|
0-0: Fielders Choice at 2nd, 6-4 (Groundball, 6) Josh Peterson scores James Navarro to third
|
Pitching: RHP Mike Dunn
|
|
Batting: LHB Gary Powers
|
0-0: Called Strike 0-1: Ball 1-1: Ball 2-1: Foul Ball, location: 2F 2-2: Fly out, F7 (Line Drive, 78M)
|
Top of the 8th over - 2 run(s), 1 hit(s), 0 error(s), 2 left on base; Maryland 7 - Utah 14 |
BOTTOM OF THE 8TH |
Utah Utes batting - Pitching for Maryland Terrapins : RHP Marty Ford
|
Batting: LHB Robby Bland
|
0-0: Ball 1-0: Ball 2-0: Ball 3-0: Base on Balls
|
Batting: RHB Kevin Hernández
|
0-0: Ball 1-0: Swinging Strike 1-1: Ball 2-1: Ball 3-1: Called Strike 3-2: Base on Balls Robby Bland to second
|
Batting: RHB David Banks
|
0-0: Ball 1-0: Ball 2-0: Ball 3-0: Called Strike 3-1: Called Strike 3-2: Base on Balls Robby Bland to third Kevin Hernández to second
|
Batting: SHB Carlos Mesa
|
0-0: Ball 1-0: Ball 2-0: Foul Ball, location: 2F 2-1: Ball 3-1: Base on Balls Robby Bland scores Kevin Hernández to third David Banks to second
|
Pitching: RHP Buddy Wickett
|
|
Batting: SHB Jeff Mann
|
0-0: Ball 1-0: DOUBLE (Line Drive, 9LS) Kevin Hernández scores David Banks scores Carlos Mesa to third
|
Batting: RHB Steve Welch
|
0-0: Called Strike 0-1: Ball 1-1: Swinging Strike 1-2: Fly out, F8 (Line Drive, 8LM) Runner from 3rd tags up, SCORES, no throw
|
Pinch Hitting: RHB Rafael Cardenas
|
0-0: Ground out 5-3 (Groundball, 5L)
|
Batting: SHB John May
|
0-0: Swinging Strike 0-1: Foul Ball, location: 2F 0-2: Foul Ball, location: 2F 0-2: Ball 1-2: DOUBLE (Line Drive, 9LS) Jeff Mann scores
|
Batting: RHB Randy Banks
|
0-0: Called Strike 0-1: Ground out 6-3 (Groundball, 6)
|
Bottom of the 8th over - 5 run(s), 2 hit(s), 0 error(s), 1 left on base; Maryland 7 - Utah 19 |
TOP OF THE 9TH |
Maryland Terrapins batting - Pitching for Utah Utes : RHP Mike Dunn
|
Now in LF: Thad Green
|
|
Pinch Hitting: RHB Louis Vance
|
0-0: Ball 1-0: Ball 2-0: Ball 3-0: Base on Balls
|
Batting: LHB Don MacNeill
|
0-0: SINGLE (Flyball, 7S) Louis Vance to second
|
Batting: RHB Bill Cooper
|
0-0: Ball 1-0: Ball 2-0: Ball 3-0: Base on Balls Louis Vance to third Don MacNeill to second
|
Batting: RHB Juan Arroyo
|
0-0: Foul Ball, location: 2F 0-1: Foul Ball, location: 2F 0-2: Ball 1-2: Fly out, F7 (Flyball, 7)
|
Batting: LHB Josh Peterson
|
0-0: Ball 1-0: Ball 2-0: Ball 3-0: Called Strike 3-1: Foul Ball, location: 2F 3-2: Foul Ball, location: 2F 3-2: Base on Balls Louis Vance scores Don MacNeill to third Bill Cooper to second
|
Batting: LHB James Navarro
|
0-0: Called Strike 0-1: Foul Ball, location: 2F 0-2: Foul Ball, location: 2F 0-2: Foul Ball, location: 2F 0-2: Fielders Choice at 2nd, 4-6 (Groundball, 34) Don MacNeill scores Bill Cooper to third
|
Batting: LHB Edmund Stone
|
0-0: Ball 1-0: Foul Ball, location: 2F 1-1: Ball 2-1: Foul Ball, location: 2F 2-2: Fielders Choice at 2nd, 4-6 (Groundball, 4)
|
Top of the 9th over - 2 run(s), 1 hit(s), 0 error(s), 1 left on base; Maryland 9 - Utah 19 |
|